 Dungeon Sprint DCSS version 0.21.1-1-g345015f (webtiles) character file.

9300000 Fang the Axe Maniac (level 27, -49/273 HPs)
             Began as a Minotaur Gladiator on May 22, 2018.
             Was the Champion of Makhleb.
             Annihilated by a large bag of meat
             ... wielding a +9 giant spiked club
              (124 damage)
             ... in the Dungeon (Sprint VIII: "Arena of Blood").
             The game lasted 00:01:04 (93 turns).

Fang the Axe Maniac (Minotaur Gladiator)              Turns: 93, Time: 00:01:05

Health: -49/273    AC:  6    Str: 28    XL:     27
Magic:  34/53      EV: 32    Int:  5    God:    Makhleb [******]
Gold:   0          SH:  0    Dex: 16    Spells: 80/80 levels left

rFire    . . .     SeeInvis .   l - +∞ Axe of Woe
rCold    . . .     Gourm    .   (shield currently unavailable)
rNeg     . . .     Faith    .   b - +0 leather armour
rPois    .         Spirit   .   c - +0 hat
rElec    .         Reflect  .   (no cloak)
rCorr    .         Harm     .   (no gloves)
MR       ++...     NoTele   +   (no boots)
Stlth    +++++++++.             (no amulet)
HPRegen  0.55/turn              (no ring)
MPRegen  0.33/turn              (no ring)

@: no status effects
A: retaliatory headbutt, horns 2
a: Minor Destruction, Lesser Servant of Makhleb, Major Destruction, Greater
Servant of Makhleb, Renounce Religion


You were in the Dungeon.
You worshipped Makhleb.
Makhleb was exalted by your worship.
You were not hungry.

You visited 1 branch

Inventory:

Hand Weapons
 a - a +0 war axe
 l - the +∞ Axe of Woe (weapon)
   (You found it in the Dungeon)
Missiles
 d - 3 throwing nets (quivered)
Armour
 b - a +0 leather armour (worn)
 c - a +0 hat (worn)
Scrolls
 k - a scroll of blinking
Potions
 e - a potion of curing
 g - a potion of heal wounds
 h - a potion of haste
 i - 2 potions of magic
 j - a potion of berserk rage
Comestibles
 f - a ration


   Skills:
 O Level 27 Fighting
 O Level 27 Axes
 O Level 27 Throwing
 O Level 27 Armour
 O Level 27 Dodging
 O Level 27 Stealth
 O Level 27 Unarmed Combat
 O Level 27 Spellcasting
 O Level 27 Invocations


You had 80 spell levels left.
You didn't know any spells.

Dungeon Overview and Level Annotations

Branches:
Dungeon (1/1)

Altars:
Makhleb


Innate Abilities, Weirdness & Mutations

You reflexively headbutt those who attack you in melee.
You have a pair of horns on your head.


Message History

Makhleb accepts your kill.
You slash the accursed!
You cleave the accursed in twain.
You destroy the accursed!
Makhleb accepts your kill.
You feel better.
You feel extremely nervous for a moment...
Your body is wracked with pain!
You slice the small abomination!!
You hew the small abomination savagely.
You destroy the small abomination!
Makhleb accepts your kill.
You feel better.
You hear a shout! x5
You hear a shout! x3
The eight-headed meat hydra calls on the powers of darkness!
The eight-headed meat hydra convulses!
The bag of meat convulses! x5
The large bag of meat convulses!
The meat berserker convulses!
Your body is wracked with pain!
* * * LOW HITPOINT WARNING * * *
The large bag of meat hits you with a +9 giant spiked club!!!!
You die...

..... .. ..%...
#.......# ...#...
#.......#
#.oo...###.... ..###.
......D%....###......
....#o......._......
..#.X.%..o#.....#
......)oO)#_)<)_#
#...O)@x#).)).#..
....#.)))z).)_)......
.......))))%###......
...%...###..%....###.
....... #.......#
..%.... #.......#
#...%.. .........
.#.#... ...........
.#.... ..........


You could see an eight-headed meat hydra, a sculptor of flesh, a large bag of
meat (inner flame), a large abomination, a meat berserker (berserk), 5 bags of
meat and a crawling corpse.

Vanquished Creatures
  7 hell beasts (D)
  3 greater mummies (D)
  2 wraiths (D)
  Harold (D)
  15 vampire knights (D)
  29 ogres (D)
  4 two-headed ogres (D)
  4 liches (D)
  57 orcs (D)
  A phantom (D)
  6 skeletal warriors (D)
  4 large abominations (D)
  9 small abominations (D)
  5 crawling corpses (D)
147 creatures vanquished.

Vanquished Creatures (others)
  3 crawling corpses (D)
3 creatures vanquished.

Grand Total: 150 creatures vanquished

Notes
Turn   | Place    | Note
-------+----------+-------------------------------------------
     0 | D        | Found the +∞ Axe of Woe
     0 | D        | Fang the Minotaur Gladiator began the quest for the Orb.
     0 | D        | Reached XP level 1. HP: 18/18 MP: 0/0
     3 | D        | Noticed a bag of meat
     4 | D        | Became a worshipper of Makhleb the Destroyer
     7 | D        | Noticed a meat berserker
     8 | D        | Noticed a meat berserker
     9 | D        | Noticed a bag of meat
    10 | D        | Noticed a bag of meat
    11 | D        | Killed a meat berserker
    11 | D        | Reached XP level 2. HP: 44/44 MP: 1/1
    11 | D        | Reached XP level 3. HP: 50/50 MP: 2/2
    11 | D        | Reached XP level 4. HP: 58/58 MP: 3/3
    11 | D        | Reached XP level 5. HP: 64/64 MP: 4/4
    11 | D        | Reached XP level 6. HP: 72/72 MP: 5/5
    11 | D        | Reached XP level 7. HP: 79/79 MP: 6/6
    11 | D        | Reached XP level 8. HP: 86/86 MP: 7/7
    11 | D        | Reached XP level 9. HP: 93/93 MP: 8/8
    11 | D        | Reached XP level 10. HP: 101/101 MP: 9/9
    11 | D        | Reached XP level 11. HP: 107/107 MP: 10/10
    11 | D        | Reached XP level 12. HP: 115/115 MP: 11/11
    11 | D        | Reached XP level 13. HP: 122/122 MP: 12/12
    12 | D        | Noticed a bag of meat
    12 | D        | Killed a meat berserker
    12 | D        | Reached * piety under Makhleb
    12 | D        | Reached skill level 15 in Fighting
    12 | D        | Reached skill level 27 in Axes
    12 | D        | Reached XP level 14. HP: 135/135 MP: 13/13
    13 | D        | Noticed a bag of meat
    13 | D        | Noticed a bag of meat
    13 | D        | Noticed a meat berserker
    15 | D        | Noticed a meat berserker
    15 | D        | Killed a bag of meat
    15 | D        | Killed a bag of meat
    15 | D        | Reached skill level 27 in Dodging
    15 | D        | Reached XP level 15. HP: 155/155 MP: 14/14
    15 | D        | Reached ** piety under Makhleb
    16 | D        | Noticed a meat berserker
    17 | D        | Killed a meat berserker
    17 | D        | Reached skill level 5 in Armour
    17 | D        | Reached XP level 16. HP: 110/180 MP: 15/15
    17 | D        | Killed a meat berserker
    17 | D        | Reached skill level 27 in Fighting
    18 | D        | Noticed a meat berserker
    18 | D        | Reached *** piety under Makhleb
    18 | D        | Reached skill level 27 in Throwing
    18 | D        | Reached XP level 17. HP: 117/191 MP: 16/16
    19 | D        | Noticed a meat berserker
    19 | D        | Noticed a meat berserker
    21 | D        | Killed a meat berserker
    21 | D        | Reached **** piety under Makhleb
    21 | D        | Reached skill level 27 in Armour
    21 | D        | Reached XP level 18. HP: 200/200 MP: 17/17
    23 | D        | Noticed a large bag of meat
    23 | D        | Killed a meat berserker
    23 | D        | Reached skill level 15 in Invocations
    23 | D        | Killed a meat berserker
    23 | D        | Reached ***** piety under Makhleb
    23 | D        | Reached XP level 19. HP: 207/207 MP: 17/35
    24 | D        | Killed a meat berserker
    24 | D        | Reached skill level 15 in Spellcasting
    27 | D        | Noticed a meat berserker
    28 | D        | Reached XP level 20. HP: 216/216 MP: 18/39
    29 | D        | Noticed a destroyer
    29 | D        | Noticed a meat berserker
    29 | D        | Noticed The Servant
    30 | D        | Noticed a meat berserker
    30 | D        | Killed a meat berserker
    32 | D        | Noticed a destroyer
    32 | D        | Noticed a destroyer
    33 | D        | Killed a large bag of meat
    33 | D        | Reached skill level 27 in Unarmed Combat
    33 | D        | Killed The Servant
    33 | D        | Reached ****** piety under Makhleb
    33 | D        | Reached skill level 27 in Stealth
    33 | D        | Reached skill level 27 in Invocations
    33 | D        | Reached XP level 21. HP: 89/224 MP: 19/45
    34 | D        | Killed a destroyer
    34 | D        | Reached skill level 27 in Spellcasting
    34 | D        | Reached XP level 22. HP: 195/233 MP: 19/52
    35 | D        | Noticed a destroyer
    36 | D        | Killed a destroyer
    37 | D        | Noticed a destroyer
    37 | D        | Reached XP level 23. HP: 204/240 MP: 20/53
    39 | D        | Noticed a destroyer
    40 | D        | Noticed a large bag of meat
    41 | D        | Noticed a destroyer
    41 | D        | Killed a destroyer
    41 | D        | Killed a destroyer
    41 | D        | Reached XP level 24. HP: 249/249 MP: 21/53
    42 | D        | Noticed a large bag of meat
    43 | D        | Killed a destroyer
    45 | D        | Killed a destroyer
    45 | D        | Reached XP level 25. HP: 257/257 MP: 22/53
    46 | D        | Noticed a destroyer
    46 | D        | Killed a large bag of meat
    47 | D        | Noticed a large bag of meat
    47 | D        | Noticed a destroyer
    47 | D        | Killed a destroyer
    47 | D        | Reached XP level 26. HP: 266/266 MP: 22/53
    48 | D        | Killed a destroyer
    49 | D        | Killed a destroyer
    49 | D        | Reached XP level 27. HP: 273/273 MP: 23/53
    51 | D        | Noticed a tyrant
    53 | D        | Killed a large bag of meat
    56 | D        | Noticed an accursed
    57 | D        | Noticed an accursed
    60 | D        | Noticed a meat beast
    62 | D        | Killed a meat beast
    62 | D        | Killed a large bag of meat
    65 | D        | Noticed a meat beast
    68 | D        | Noticed a dread
    68 | D        | Killed a meat beast
    69 | D        | Noticed a destroyer
    69 | D        | Noticed a destroyer
    69 | D        | Noticed a meat beast
    70 | D        | Noticed a meat beast
    71 | D        | Noticed an accursed
    71 | D        | Killed a tyrant
    73 | D        | Noticed a tyrant
    73 | D        | Noticed a destroyer
    73 | D        | Noticed a tyrant
    73 | D        | Noticed a destroyer
    73 | D        | Noticed a destroyer
    73 | D        | Killed a meat beast
    73 | D        | Noticed a meat beast
    74 | D        | Noticed a destroyer
    74 | D        | Killed a meat beast
    75 | D        | Noticed a tyrant
    75 | D        | Noticed a dread
    75 | D        | Killed a destroyer
    75 | D        | Killed a dread
    76 | D        | Killed a destroyer
    76 | D        | Noticed a meat beast
    77 | D        | Killed an accursed
    77 | D        | Killed a destroyer
    77 | D        | Killed a destroyer
    78 | D        | Killed a destroyer
    79 | D        | Noticed a meat beast
    79 | D        | Killed a dread
    79 | D        | Killed a tyrant
    80 | D        | Killed a meat beast
    80 | D        | Killed a meat beast
    80 | D        | Killed an accursed
    82 | D        | Killed a meat beast
    82 | D        | Killed a destroyer
    84 | D        | Noticed a large bag of meat
    85 | D        | Killed a tyrant
    86 | D        | Killed a tyrant
    92 | D        | Killed an accursed
    93 | D        | Annihilated by a large bag of meat

Skill      XL: |  1  2  3  4  5  6  7  8  9 10 11 12 13 14 15 16 17 18 19 20 21 |
---------------+----------------------------------------------------------------+-----
Fighting       | 13 15 19 26 27 | 27.0
Axes           | 23 27 | 27.0
Throwing       | 11 13 17 22 27 | 27.0
Dodging        | 21 24 27 | 27.0
Armour         | 5 17 27 | 27.0
Stealth        | 16 20 27 | 27.0
Unarmed Combat | 19 23 27 | 27.0
Spellcasting   | 13 16 21 27 | 27.0
Invocations    | 18 21 27 | 27.0

Action                   |  1- 3 |  4- 6 |  7- 9 | 10-12 | 13-15 | 16-18 | 19-21 | 22-24 | 25-27 || total
-------------------------+-------+-------+-------+-------+-------+-------+-------+-------+-------++-------
Melee: Executioner's axe |     1 |       |       |       |     3 |     5 |     7 |     9 |    43 ||    68
Dodge: Dodged            |       |       |       |       |     1 |       |       |       |     5 ||     6
